2343 views
Uploaded 2021-08-25 13:09:18
Game version 1.32.10
43:41 long 1on1 ladder game on (2)ConcealedHill
Saved by xzz
2343 views
Uploaded 2021-08-25 13:09:18
Game version 1.32.10
43:41 long 1on1 ladder game on (2)ConcealedHill

/ 1k
23 buildings @ 4.2k
/ 2.1k


| Wisp | 27 | 1620 | / | 0 |
| Archer | 1 | 130 | / | 10 |
| Huntress | 4 | 780 | / | 80 |
| Glaive Thrower | 6 | 1260 | / | 390 |
| Mountain Giant | 2 | 700 | / | 200 |
| Hippogryph | 7 | 1120 | / | 140 |
| Dryad | 1 | 145 | / | 60 |
| Goblin Shredder | 1 | 375 | / | 100 |
| total: | 49 | 6130g | / | 980w |
| Ancient Protector | 5 | 675 | / | 400 |
| Altar of Elders | 1 | 180 | / | 50 |
| Moon Well | 6 | 1080 | / | 240 |
| Ancient of War | 1 | 150 | / | 60 |
| Hunter's Hall | 2 | 420 | / | 200 |
| Ancient of Wonders | 1 | 90 | / | 30 |
| Tree of Life | 3 | 1020 | / | 555 |
| Ancient of Lore | 3 | 465 | / | 435 |
| Ancient of Wind | 1 | 150 | / | 140 |
| Tree of Ages | 1 | 320 | / | 180 |
| Tree of Eternity | 1 | 330 | / | 200 |
| total: | 23 | 4230g | / | 2110w |
| 0:04 | Altar of Elders |
| 0:05 | Moon Well |
| 0:09 | Wisp |
| 0:21 | Ancient of War |
| 0:34 | Wisp |
| 0:44 | Wisp |
| 0:54 | Wisp |
| 1:11 | Wisp |
| 1:12 | Wisp |
| 1:20 | Wisp |
| 1:25 | Archer |
| 1:40 | Wisp |
| 1:40 | Wisp |
| 2:14 | Wisp |
| 2:14 | Wisp |
| 2:29 | Force of Nature |
| 2:33 | Moon Well |
| 2:53 | Hunter's Hall |
| 2:59 | Wisp |
| 2:59 | Wisp |
| 3:43 | Hunter's Hall |
| 3:58 | Moon Well |
| 3:59 | Wisp |
| 3:59 | Wisp |
| 4:32 | Wisp |
| 4:37 | Moon Well |
| 5:02 | Huntress |
| 5:02 | Huntress |
| 5:15 | Wisp |
| 5:15 | Wisp |
| 5:54 | Ancient Protector |
| 5:58 | Ancient Protector |
| 6:02 | Ancient Protector |
| 6:08 | Huntress |
| 6:08 | Huntress |
| 6:51 | Glaive Thrower |
| 6:53 | Tree of Ages |
| 8:23 | Glaive Thrower |
| 9:28 | Tree of Eternity |
| 9:30 | Glaive Thrower |
| 9:30 | Glaive Thrower |
| 10:30 | Glaive Thrower |
| 11:46 | Ancient of Lore |
| 11:53 | Wisp |
| 11:54 | Wisp |
| 12:06 | Ancient of Lore |
| 12:11 | Ancient Protector |
| 12:12 | Wisp |
| 12:12 | Wisp |
| 13:06 | Moon Well |
| 13:11 | Nature's Blessing |
| 13:32 | Ancient of Lore |
| 13:45 | Scout |
| 13:54 | Ancient of Wonders |
| 13:57 | Wisp |
| 14:04 | Ancient of Wind |
| 14:16 | Wisp |
| 14:37 | Wisp |
| 14:37 | Wisp |
| 14:57 | Entangling Roots |
| 15:04 | Mountain Giant |
| 15:06 | Wisp |
| 15:17 | Glaive Thrower |
| 15:42 | Mountain Giant |
| 16:02 | Goblin Shredder |
| 16:08 | Hardened Skin |
| 16:42 | Hippogryph |
| 16:46 | Searing Arrows |
| 17:16 | Hippogryph |
| 17:21 | Moon Well |
| 17:21 | Dryad |
| 17:43 | Reinforced Hides |
| 17:43 | Strength of the Wild |
| 18:22 | Hippogryph |
| 18:22 | Hippogryph |
| 18:23 | Hippogryph |
| 19:07 | Tree of Life |
| 20:08 | Hippogryph |
| 20:09 | Hippogryph |
| 20:18 | Ancient Protector |
| 20:53 | Entangling Roots |
| 23:46 | Tree of Life |
| 24:42 | Tree of Life |
| 25:44 | Scout |
| Right click | 877 |
| Select | 666 |
| Misc. action | 251 |
| Select group | 136 |
| Build/train/purchase | 110 |
| Use ability | 62 |
| Assign group | 10 |
| Remove unit | 5 |
| Item give/drop | 4 |
42 units @ 5.5k
/ 1.1k
36 buildings @ 4.9k
/ 2.8k

| Lesser Clarity Potion | 16 | 1120 |
| Scroll of Speed | 5 | 250 |
| Potion of Healing | 5 | 750 |
| Healing Salve | 3 | 300 |
| Potion of Mana | 5 | 1000 |
| Orb of Lightning | 1 | 375 |
| Boots of Speed | 1 | 250 |
| total: | 36 | 4045g |
| Peon | 16 | 1200 | / | 0 |
| Troll Batrider | 23 | 3680 | / | 920 |
| Demolisher | 3 | 660 | / | 150 |
| total: | 42 | 5540g | / | 1070w |
| Watch Tower | 21 | 2310 | / | 1680 |
| Altar of Storms | 1 | 180 | / | 50 |
| Orc Burrow | 4 | 640 | / | 160 |
| Voodoo Lounge | 3 | 390 | / | 90 |
| War Mill | 1 | 205 | / | 0 |
| Barracks | 1 | 180 | / | 50 |
| Great Hall | 1 | 385 | / | 185 |
| Beastiary | 4 | 580 | / | 560 |
| Stronghold | 1 | 315 | / | 190 |
| Fortress | 1 | 325 | / | 190 |
| total: | 36 | 4870g | / | 2775w |
| 0:03 | Peon |
| 0:03 | Peon |
| 0:06 | Altar of Storms |
| 0:08 | Orc Burrow |
| 0:31 | Peon |
| 0:41 | Voodoo Lounge |
| 0:51 | Peon |
| 1:02 | Peon |
| 1:20 | Peon |
| 1:41 | Peon |
| 1:57 | Stronghold |
| 2:05 | Wind Walk |
| 2:13 | Lesser Clarity Potion |
| 2:13 | Scroll of Speed |
| 2:17 | War Mill |
| 2:42 | Orc Burrow |
| 2:47 | Lesser Clarity Potion |
| 3:29 | Watch Tower |
| 3:31 | Watch Tower |
| 4:07 | Voodoo Lounge |
| 4:10 | Spiked Barricades |
| 4:28 | Beastiary |
| 4:31 | Peon |
| 4:31 | Peon |
| 4:31 | Peon |
| 4:44 | Voodoo Lounge |
| 4:47 | Peon |
| 5:09 | Watch Tower |
| 5:15 | Peon |
| 5:37 | Watch Tower |
| 5:42 | Peon |
| 5:58 | Troll Batrider |
| 6:04 | Peon |
| 6:17 | Lesser Clarity Potion |
| 6:18 | Scroll of Speed |
| 6:19 | Lesser Clarity Potion |
| 6:30 | Troll Batrider |
| 6:46 | Reinforced Defenses |
| 7:01 | Beastiary |
| 7:05 | Barracks |
| 7:07 | Peon |
| 7:08 | Peon |
| 7:19 | Potion of Healing |
| 7:50 | Troll Batrider |
| 7:55 | Lesser Clarity Potion |
| 7:55 | Healing Salve |
| 8:06 | Troll Batrider |
| 8:28 | Orc Burrow |
| 8:50 | Critical Strike |
| 9:07 | Potion of Healing |
| 9:08 | Potion of Mana |
| 9:24 | Demolisher |
| 9:27 | Troll Batrider |
| 9:47 | Potion of Healing |
| 9:47 | Lesser Clarity Potion |
| 10:23 | Potion of Healing |
| 10:24 | Potion of Mana |
| 10:30 | Demolisher |
| 10:47 | Troll Batrider |
| 11:03 | Lesser Clarity Potion |
| 11:22 | Watch Tower |
| 11:27 | Watch Tower |
| 11:39 | Lesser Clarity Potion |
| 11:40 | Scroll of Speed |
| 11:53 | Troll Batrider |
| 12:24 | Wind Walk |
| 12:59 | Troll Batrider |
| 13:02 | Orc Burrow |
| 13:04 | Beastiary |
| 13:36 | Fortress |
| 13:54 | Steel Ranged Weapons |
| 13:58 | Troll Batrider |
| 14:06 | Troll Batrider |
| 14:09 | Healing Salve |
| 14:17 | Lesser Clarity Potion |
| 14:32 | Scroll of Speed |
| 14:50 | Troll Batrider |
| 15:47 | Troll Batrider |
| 15:50 | Steel Armor |
| 15:57 | Liquid Fire |
| 16:01 | Beastiary |
| 16:12 | Troll Batrider |
| 16:34 | Lesser Clarity Potion |
| 16:37 | Orb of Lightning |
| 16:49 | Troll Batrider |
| 17:34 | Demolisher |
| 17:38 | Watch Tower |
| 17:44 | Watch Tower |
| 18:35 | Potion of Healing |
| 18:35 | Potion of Mana |
| 18:52 | Critical Strike |
| 19:01 | Wind Walk |
| 19:09 | Troll Batrider |
| 19:53 | Watch Tower |
| 20:19 | Troll Batrider |
| 20:19 | Troll Batrider |
| 20:37 | Troll Batrider |
| 21:28 | Troll Batrider |
| 21:29 | Lesser Clarity Potion |
| 21:59 | Watch Tower |
| 22:59 | Bladestorm |
| 24:07 | Healing Salve |
| 24:10 | Lesser Clarity Potion |
| 24:18 | Pillage |
| 25:44 | Lesser Clarity Potion |
| 32:25 | Great Hall |
| 33:25 | Watch Tower |
| 34:58 | Watch Tower |
| 34:59 | Watch Tower |
| 35:59 | Lesser Clarity Potion |
| 35:59 | Scroll of Speed |
| 36:02 | Lesser Clarity Potion |
| 36:08 | Watch Tower |
| 36:09 | Watch Tower |
| 36:10 | Watch Tower |
| 36:11 | Watch Tower |
| 36:13 | Watch Tower |
| 36:15 | Watch Tower |
| 36:17 | Watch Tower |
| 36:17 | Watch Tower |
| 37:29 | Troll Batrider |
| 37:30 | Improved Spiked Barricades |
| 38:14 | Thorium Ranged Weapons |
| 38:14 | Thorium Armor |
| 38:34 | Troll Batrider |
| 39:10 | Troll Batrider |
| 40:10 | Troll Batrider |
| 40:18 | Arcanite Ranged Weapons |
| 41:07 | Lesser Clarity Potion |
| 41:09 | Potion of Mana |
| 41:12 | Potion of Mana |
| 42:34 | Boots of Speed |
| 42:44 | Arcanite Armor |
| Right click | 1957 |
| Select | 572 |
| Build/train/purchase | 204 |
| Select group | 74 |
| Assign group | 26 |
| Use ability | 25 |
| Esc | 6 |
| Item give/drop | 4 |
| Misc. action | 3 |